| TOP OF THE 1ST |
|
Lake County Captains batting - Pitching for Greenville Drive : RHP Graham Jackson
|
|
Pitching: RHP Graham Jackson
|
|
|
Batting: RHB Ricky Cordova
|
0-0: Called Strike 0-1: Ground out 5-3 (Groundball, 56, EV 105.0 MPH)
|
|
Batting: RHB Willie Gonzales
|
0-0: Swinging Strike 0-1: Ball 1-1: Ball 2-1: Foul Ball, location: 2F 2-2: Fly out, F8 (Flyball, 8RM, EV 90.0 MPH)
|
|
Batting: LHB Chris Morgan
|
0-0: Ball 1-0: SINGLE (Groundball, 6, EV 98.1 MPH)
|
|
Batting: LHB Alberto Chavez
|
0-0: Ball 1-0: Foul Ball, location: 2F 1-1: Ball 2-1: Foul Ball, location: 2F 2-2: Ball 3-2: Ground out U3 (Groundball, 3, EV 86.2 MPH)
|
| Top of the 1st over - 0 runs, 1 hit, 0 errors, 1 left on base; Lake County 0 - Greenville 0 |
| BOTTOM OF THE 1ST |
|
Greenville Drive batting - Pitching for Lake County Captains : RHP Jose Esteban
|
|
Pitching: RHP Jose Esteban
|
|
|
Batting: LHB Nelis Geurts
|
0-0: Ball 1-0: Ball 2-0: Fly out, F7 (Flyball, 78D, EV 101.2 MPH)
|
|
Batting: SHB Carter Cromsie
|
0-0: Ground out U3 (Groundball, 3, EV 86.2 MPH)
|
|
Batting: RHB Larry Brocato
|
0-0: Ball 1-0: Ball 2-0: Foul Ball, location: 2F 2-1: Foul Ball, location: 2F 2-2: Ball 3-2: SINGLE (Groundball, 56, EV 107.5 MPH) (infield hit)
|
|
Batting: LHB John Criswell
|
0-0: Foul Ball, location: 2F 0-1: Ball 1-1: Ground out 4-3 (Groundball, 34, EV 90.6 MPH)
|
| Bottom of the 1st over - 0 runs, 1 hit, 0 errors, 1 left on base; Lake County 0 - Greenville 0 |
| TOP OF THE 2ND |
|
Lake County Captains batting - Pitching for Greenville Drive : RHP Graham Jackson
|
|
Batting: RHB Harris Leroux
|
0-0: Ball 1-0: Ball 2-0: Ball 3-0: Foul Ball, location: 2F 3-1: Foul Ball, location: 2F 3-2: Strikes out swinging
|
|
Batting: RHB Adrian Martinelli
|
0-0: Ball 1-0: Ball 2-0: Ground out 4-3 (Groundball, 4, EV 84.4 MPH)
|
|
Batting: RHB Tsega Haida
|
0-0: Ball 1-0: Foul Ball, location: 2F 1-1: Swinging Strike 1-2: Foul Ball, location: 2F 1-2: Ball 2-2: Ball 3-2: Fly out, F6 (Popup, 6MD, EV 41.9 MPH)
|
| Top of the 2nd over - 0 runs, 0 hits, 0 errors, 0 left on base; Lake County 0 - Greenville 0 |
| BOTTOM OF THE 2ND |
|
Greenville Drive batting - Pitching for Lake County Captains : RHP Jose Esteban
|
|
Batting: RHB Andy Garvin
|
0-0: Ball 1-0: Ball 2-0: Ball 3-0: Base on Balls
|
|
Batting: SHB Greg Shaw
|
0-0: Ball 1-0: Fielders Choice at 2nd, 4-6 (Groundball, 4, EV 83.8 MPH)
|
|
Batting: RHB Mike Batko
|
0-0: Fly out, F6 (Popup, 6M, EV 66.2 MPH)
|
|
Batting: RHB Nick Spiller
|
0-0: Called Strike 0-1: Ball Wild Pitch! Greg Shaw to second 1-1: Foul Ball, location: 2F 1-2: Foul Ball, location: 2F 1-2: Fly out, F9 (Flyball, 9S, EV 93.8 MPH)
|
| Bottom of the 2nd over - 0 runs, 0 hits, 0 errors, 1 left on base; Lake County 0 - Greenville 0 |
| TOP OF THE 3RD |
|
Lake County Captains batting - Pitching for Greenville Drive : RHP Graham Jackson
|
|
Batting: LHB Rich Walker
|
0-0: Ground out 1-3 (Groundball, 23, EV 61.2 MPH)
|
|
Batting: RHB Carlos Munos
|
0-0: Ball 1-0: Ball 2-0: Ball 3-0: Called Strike 3-1: SINGLE (Line Drive, 89S, EV 92.5 MPH)
|
|
Batting: RHB Ricky Cordova
|
0-0: DOUBLE (Flyball, 78D, EV 103.1 MPH) Carlos Munos to third
|
|
Batting: RHB Willie Gonzales
|
0-0: Ball 1-0: Foul Ball, location: 2F 1-1: Foul Ball, location: 2F 1-2: Strikes out swinging
|
|
Batting: LHB Chris Morgan
|
0-0: DOUBLE (Line Drive, 3D, EV 95.6 MPH) Carlos Munos scores Ricky Cordova scores
|
|
Batting: LHB Alberto Chavez
|
0-0: Ball 1-0: Ball 2-0: Ball 3-0: Base on Balls
|
|
Batting: RHB Harris Leroux
|
0-0: Called Strike 0-1: Ball 1-1: Ball 2-1: Foul Ball, location: 2F 2-2: Ball 3-2: Fly out, F4 (Line Drive, 4, EV 74.4 MPH)
|
| Top of the 3rd over - 2 runs, 3 hits, 0 errors, 2 left on base; Lake County 2 - Greenville 0 |
| BOTTOM OF THE 3RD |
|
Greenville Drive batting - Pitching for Lake County Captains : RHP Jose Esteban
|
|
Batting: RHB Rogelio Cervantes
|
0-0: Ball 1-0: Ground out U3 (Groundball, 3, EV 78.1 MPH)
|
|
Batting: LHB Nelis Geurts
|
0-0: Ball 1-0: Called Strike 1-1: SINGLE (Groundball, 34D, EV 97.5 MPH)
|
|
Batting: SHB Carter Cromsie
|
0-0: Foul Ball, location: 2F 0-1: Foul Ball, location: 2F 0-2: Ball 1-2: Ball 2-2: Fly out, F9 (Flyball, 9, EV 88.1 MPH)
|
|
Batting: RHB Larry Brocato
|
0-0: Ball Nelis Geurts steals 2nd base 1-0: TRIPLE (Line Drive, 78XD, EV 111.2 MPH) Nelis Geurts scores Hidden ball trick at third base, runner out!
|
| Bottom of the 3rd over - 1 run, 2 hits, 0 errors, 0 left on base; Lake County 2 - Greenville 1 |
| TOP OF THE 4TH |
|
Lake County Captains batting - Pitching for Greenville Drive : RHP Graham Jackson
|
|
Batting: RHB Adrian Martinelli
|
0-0: Ball 1-0: Ball 2-0: Swinging Strike 2-1: Fly out, F7 (Flyball, 78M, EV 88.1 MPH)
|
|
Batting: RHB Tsega Haida
|
0-0: Foul Ball, location: 2F 0-1: Called Strike 0-2: Foul Ball, location: 2F 0-2: Ground out 3-1 (Groundball, 34, EV 86.2 MPH)
|
|
Batting: LHB Rich Walker
|
0-0: Ball 1-0: Ground out 5-3 (Groundball, 56S, EV 69.4 MPH)
|
| Top of the 4th over - 0 runs, 0 hits, 0 errors, 0 left on base; Lake County 2 - Greenville 1 |
| BOTTOM OF THE 4TH |
|
Greenville Drive batting - Pitching for Lake County Captains : RHP Jose Esteban
|
|
Batting: LHB John Criswell
|
0-0: Called Strike 0-1: Ball 1-1: Ball 2-1: DOUBLE (Flyball, 8LXD, EV 108.1 MPH)
|
|
Batting: RHB Andy Garvin
|
0-0: Ground out 6-3 (Groundball, 6, EV 102.5 MPH)
|
|
Batting: SHB Greg Shaw
|
0-0: Called Strike 0-1: Foul Ball, location: 2F 0-2: Foul Ball, location: 2F 0-2: Ball 1-2: Strikes out looking
|
|
Batting: RHB Mike Batko
|
0-0: Ball 1-0: Ball 2-0: SINGLE (Groundball, 6MD, EV 96.2 MPH) John Criswell to third Runner from 3rd tries for Home, throw by CF and OUT! 8-2
|
| Bottom of the 4th over - 0 runs, 2 hits, 0 errors, 1 left on base; Lake County 2 - Greenville 1 |
| TOP OF THE 5TH |
|
Lake County Captains batting - Pitching for Greenville Drive : RHP Graham Jackson
|
|
Batting: RHB Carlos Munos
|
0-0: Called Strike 0-1: SINGLE (Line Drive, 4D, EV 98.1 MPH)
|
|
Batting: RHB Ricky Cordova
|
0-0: Called Strike 0-1: Called Strike 0-2: Ball 1-2: Ball 2-2: Fly out, F3 (Line Drive, 3, EV 69.4 MPH) Lined into DP, U3 (Line Drive, 3, EV 64.4 MPH)
|
|
Batting: RHB Willie Gonzales
|
0-0: Ball 1-0: Called Strike 1-1: Foul Ball, location: 2F 1-2: Foul Ball, location: 2F 1-2: Ball 2-2: SINGLE (Groundball, 34D, EV 105.6 MPH)
|
|
Batting: LHB Chris Morgan
|
0-0: Ball Willie Gonzales is caught stealing 2nd base 2-6
|
| Top of the 5th over - 0 runs, 2 hits, 0 errors, 0 left on base; Lake County 2 - Greenville 1 |
| BOTTOM OF THE 5TH |
|
Greenville Drive batting - Pitching for Lake County Captains : RHP Jose Esteban
|
|
Batting: RHB Nick Spiller
|
0-0: Ball 1-0: Ball 2-0: SINGLE (Groundball, 6D, EV 97.5 MPH)
|
|
Batting: RHB Rogelio Cervantes
|
0-0: Ball 1-0: Ball Nick Spiller is caught stealing 2nd base 2-4 2-0: Called Strike 2-1: Ground out 4-3 (Groundball, 4MD, EV 83.8 MPH)
|
|
Batting: LHB Nelis Geurts
|
0-0: Ball 1-0: Ball 2-0: Foul Ball, location: 2F 2-1: Ball 3-1: Foul Ball, location: 2F 3-2: Foul Ball, location: 2F 3-2: Fly out, F7 (Flyball, 78S, EV 72.5 MPH)
|
| Bottom of the 5th over - 0 runs, 1 hit, 0 errors, 0 left on base; Lake County 2 - Greenville 1 |
| TOP OF THE 6TH |
|
Lake County Captains batting - Pitching for Greenville Drive : RHP Graham Jackson
|
|
Batting: LHB Chris Morgan
|
0-0: DOUBLE (Line Drive, 89D, EV 104.4 MPH)
|
|
Batting: LHB Alberto Chavez
|
0-0: Ball 1-0: Ball 2-0: Ball 3-0: Called Strike 3-1: Foul Ball, location: 2F 3-2: Foul Ball, location: 2F 3-2: Foul Ball, location: 2F 3-2: Base on Balls
|
|
Pitching: LHP Fernando Mendoza
|
|
|
Batting: RHB Harris Leroux
|
0-0: Grounds into double play, 6-4-3 (Groundball, 6S, EV 89.4 MPH) Chris Morgan to third
|
|
Batting: RHB Adrian Martinelli
|
0-0: Ground out 4-3 (Groundball, 34, EV 83.1 MPH)
|
| Top of the 6th over - 0 runs, 1 hit, 0 errors, 1 left on base; Lake County 2 - Greenville 1 |
| BOTTOM OF THE 6TH |
|
Greenville Drive batting - Pitching for Lake County Captains : RHP Jose Esteban
|
|
Batting: SHB Carter Cromsie
|
0-0: Fly out, F6 (Popup, 6D, EV 68.1 MPH)
|
|
Batting: RHB Larry Brocato
|
0-0: Ball 1-0: Ground out 6-3 (Groundball, 6, EV 88.1 MPH)
|
|
Batting: LHB John Criswell
|
0-0: Fly out, F8 (Flyball, 8RD, EV 101.9 MPH)
|
| Bottom of the 6th over - 0 runs, 0 hits, 0 errors, 0 left on base; Lake County 2 - Greenville 1 |
| TOP OF THE 7TH |
|
Lake County Captains batting - Pitching for Greenville Drive : LHP Fernando Mendoza
|
|
Batting: RHB Tsega Haida
|
0-0: Ball 1-0: Ball 2-0: Called Strike 2-1: Swinging Strike 2-2: Strikes out swinging
|
|
Batting: LHB Rich Walker
|
0-0: Ball 1-0: Foul Ball, location: 2F 1-1: Ball 2-1: Swinging Strike 2-2: Foul Ball, location: 2F 2-2: Ball 3-2: Foul Ball, location: 2F 3-2: Reached on error, E5 (Groundball, 56D, EV 88.1 MPH)
|
|
Batting: RHB Carlos Munos
|
0-0: Ball 1-0: Ball 2-0: SINGLE (Line Drive, 8RS, EV 87.5 MPH) Rich Walker to second
|
|
Batting: RHB Ricky Cordova
|
0-0: Ball 1-0: Called Strike 1-1: Ball 2-1: Ball 3-1: Base on Balls Rich Walker to third Carlos Munos to second
|
|
Batting: RHB Willie Gonzales
|
0-0: Ball 1-0: Ball 2-0: Ball 3-0: Called Strike 3-1: Foul Ball, location: 2F 3-2: Strikes out swinging
|
|
Batting: LHB Chris Morgan
|
0-0: Ball Wild Pitch! Rich Walker scores Carlos Munos to third Ricky Cordova to second 1-0: Ball 2-0: SINGLE (Line Drive, 4MD, EV 101.2 MPH) Carlos Munos scores Ricky Cordova to third Runner from 3rd tries for Home, throw by CF and OUT! 8-2
|
| Top of the 7th over - 2 runs, 2 hits, 1 error, 1 left on base; Lake County 4 - Greenville 1 |
| BOTTOM OF THE 7TH |
|
Greenville Drive batting - Pitching for Lake County Captains : RHP Jose Esteban
|
|
Batting: RHB Andy Garvin
|
0-0: Ball 1-0: Swinging Strike 1-1: Foul Ball, location: 2F 1-2: Strikes out looking
|
|
Batting: SHB Greg Shaw
|
0-0: Fly out, F8 (Flyball, 8LM, EV 93.8 MPH)
|
|
Batting: RHB Mike Batko
|
0-0: Ball 1-0: Foul Ball, location: 2F 1-1: Foul Ball, location: 2F 1-2: SINGLE (Groundball, 34D, EV 101.9 MPH)
|
|
Batting: RHB Nick Spiller
|
0-0: Fielders Choice at 2nd, 5-4 (Groundball, 56, EV 85.0 MPH)
|
| Bottom of the 7th over - 0 runs, 1 hit, 0 errors, 1 left on base; Lake County 4 - Greenville 1 |
| TOP OF THE 8TH |
|
Lake County Captains batting - Pitching for Greenville Drive : LHP Fernando Mendoza
|
|
Pitching: RHP Eddie Mosley
|
|
|
Batting: LHB Alberto Chavez
|
0-0: Ball 1-0: Swinging Strike 1-1: Ball 2-1: Called Strike 2-2: Ball 3-2: Base on Balls
|
|
Batting: RHB Harris Leroux
|
0-0: Called Strike 0-1: SINGLE (Groundball, 56D, EV 104.4 MPH) Alberto Chavez to second
|
|
Batting: RHB Adrian Martinelli
|
0-0: Foul Ball, location: 2F 0-1: Ball 1-1: Swinging Strike 1-2: Fly out, F8 (Flyball, 89D, EV 100.6 MPH)
|
|
Batting: RHB Tsega Haida
|
0-0: Ball 1-0: Ball 2-0: Ball 3-0: Base on Balls Alberto Chavez to third Harris Leroux to second
|
|
Batting: LHB Rich Walker
|
0-0: Called Strike 0-1: Swinging Strike 0-2: Foul Ball, location: 2F 0-2: Strikes out looking
|
|
Batting: RHB Carlos Munos
|
0-0: Foul Ball, location: 2F 0-1: Fly out, F8 (Flyball, 8RD, EV 91.2 MPH)
|
| Top of the 8th over - 0 runs, 1 hit, 0 errors, 3 left on base; Lake County 4 - Greenville 1 |
| BOTTOM OF THE 8TH |
|
Greenville Drive batting - Pitching for Lake County Captains : RHP Jose Esteban
|
|
Pinch Hitting: LHB Danny Montoya
|
0-0: Ground out 2-3 (Groundball, 2R, EV 64.4 MPH)
|
|
Batting: LHB Nelis Geurts
|
0-0: Ball 1-0: Called Strike 1-1: Foul Ball, location: 2F 1-2: Ground out 4-3 (Groundball, 4, EV 105.6 MPH)
|
|
Batting: SHB Carter Cromsie
|
0-0: Called Strike 0-1: Called Strike 0-2: Strikes out looking
|
| Bottom of the 8th over - 0 runs, 0 hits, 0 errors, 0 left on base; Lake County 4 - Greenville 1 |
| TOP OF THE 9TH |
|
Lake County Captains batting - Pitching for Greenville Drive : RHP Eddie Mosley
|
|
Pitching: LHP Kentaro Shimasaki
|
|
|
Now at 1B: Danny Montoya
|
|
|
Now at SS: Larry Brocato
|
|
|
Batting: RHB Ricky Cordova
|
0-0: Called Strike 0-1: Ball 1-1: Ball 2-1: Swinging Strike 2-2: Ball 3-2: Base on Balls
|
|
Batting: RHB Willie Gonzales
|
0-0: Bunt missed! 0-1: Sac Bunt to 15S - play at first, batter OUT! 1-3 Ricky Cordova to second
|
|
Batting: LHB Chris Morgan
|
0-0: Swinging Strike 0-1: Foul Ball, location: 2F 0-2: Foul Ball, location: 2F 0-2: Foul Ball, location: 2F 0-2: Fly out, F9 (Flyball, 9LM, EV 91.2 MPH)
|
|
Batting: LHB Alberto Chavez
|
0-0: Called Strike 0-1: Ball 1-1: Swinging Strike 1-2: Ball 2-2: Strikes out looking
|
| Top of the 9th over - 0 runs, 0 hits, 0 errors, 1 left on base; Lake County 4 - Greenville 1 |
| BOTTOM OF THE 9TH |
|
Greenville Drive batting - Pitching for Lake County Captains : RHP Jose Esteban
|
|
Pitching: RHP Malachi Shelton
|
|
|
Batting: RHB Larry Brocato
|
0-0: Ball 1-0: Swinging Strike 1-1: Ball 2-1: Ball 3-1: Base on Balls
|
|
Batting: LHB John Criswell
|
0-0: Called Strike 0-1: Ball 1-1: Ball 2-1: Ball 3-1: Called Strike 3-2: Foul Ball, location: 2F 3-2: Foul Ball, location: 2F 3-2: DOUBLE (Line Drive, 7LS, EV 110.0 MPH) Larry Brocato to third Larry Brocato scores
|
|
Batting: RHB Andy Garvin
|
0-0: Fly out, F7 (Flyball, 78S, EV 88.1 MPH)
|
|
Batting: SHB Greg Shaw
|
0-0: Called Strike 0-1: Ball 1-1: SINGLE (Flyball, 8RS, EV 95.6 MPH) John Criswell to third
|
|
Batting: RHB Mike Batko
|
0-0: Ball 1-0: Swinging Strike 1-1: Ball 2-1: Foul Ball, location: 2F 2-2: Foul Ball, location: 2F 2-2: Strikes out looking
|
|
Batting: RHB Nick Spiller
|
0-0: Ball 1-0: Ball 2-0: Swinging Strike 2-1: Foul Ball, location: 2F 2-2: Strikes out looking
|
| Bottom of the 9th over - 1 run, 2 hits, 0 errors, 2 left on base; Lake County 4 - Greenville 2 |
|